 Dungeon Crawl Stone Soup version 0.17.1-1-g73c8601 (webtiles) character file.

656 Peloso the Covered (level 7, -3/58 HPs)
             Began as a Demigod Fighter on Jan 2, 2016.
             Slain by Menkaure (14 damage)
             ... on level 5 of the Dungeon.
             The game lasted 00:10:54 (5585 turns).

Peloso the Covered (Demigod Fighter)                Turns: 5585, Time: 00:10:54

Health: -3/58      AC: 14    Str: 28    XL:     7   Next: 8%
Magic:  9/9        EV:  8    Int: 12    God:
Gold:   211        SH: 11    Dex: 15    Spells: 0 memorised, 6 levels left

rFire  . . .     SeeInvis .     a - +0 long sword
rCold  . . .     Clarity  .     x - +0 chain mail
rNeg   . . .     SustAt   +     c - +0 shield
rPois  .         Gourm    .     r - +0 helmet
rElec  .         Spirit   .     (no cloak)
rCorr  .         Warding  .     w - +2 pair of gloves
rMut   .         Stasis   .     (no boots)
MR     .....                    (no amulet)
Stlth  ..........               (no ring)
                                (no ring)

@: mighty, not resistant to hostile enchantments, extremely unstealthy
A: high mp 1, sustain attributes
a: no special abilities


You were on level 5 of the Dungeon.
You were not hungry.

You visited 1 branch of the dungeon, and saw 5 of its levels.

You collected 211 gold pieces.

Inventory:

Hand Weapons
 a - a +0 long sword (weapon)
 u - a +0 antimagic rapier
 y - a +1 hand axe of venom
Armour
 b - a +0 scale mail
 c - a +0 shield (worn)
 r - a +0 helmet (worn)
 w - a +2 pair of gloves (worn)
 x - a +0 chain mail (worn)
Wands
 m - a wand of polymorph (16)
 A - a wand of random effects (35)
Scrolls
 f - 2 scrolls of amnesia {unknown}
 i - 4 scrolls of identify {unknown}
 j - a scroll of fear {unknown}
 k - a scroll of blinking {unknown}
 o - 3 scrolls of teleportation {unknown}
 p - a scroll of enchant weapon {unknown}
 s - a scroll of noise {unknown}
Potions
 d - a potion of might
 g - a potion of flight {unknown}
 h - a potion of degeneration {unknown}
 l - a potion of magic
 t - a potion of haste {unknown}
 z - a potion of lignification {unknown}
 B - a potion of mutation {unknown}
 D - 2 potions of brilliance {unknown}
Comestibles
 e - 3 bread rations
 n - a beef jerky
 q - 2 fruits
 v - a meat ration
 C - 5 chunks of flesh


   Skills:
 + Level 3.8 Fighting
 + Level 3.6 Long Blades
 + Level 4.4 Armour
 + Level 3.1 Dodging
 + Level 0.2 Stealth
 + Level 4.2 Shields


You had 6 spell levels left.
You didn't know any spells.

Dungeon Overview and Level Annotations

Branches:
Dungeon (5/15)
 Temple: D:4-7

Shops:
D:4 (

Annotations:
D:5 Menkaure


Innate Abilities, Weirdness & Mutations

You have an increased reservoir of magic (+10% MP).
Your attributes are resistant to harm.


Message History

A crimson imp comes into view.
Menkaure calls on the powers of darkness!
Your body is wracked with pain!
You hear a shout!
Drink which item? (? for menu, Esc to quit)
You feel very mighty all of a sudden.
The crimson imp shouts!
Menkaure shouts, "You disturbed my rest!
Die!"
Menkaure calls on the powers of darkness!
Your body is wracked with pain!
* * * LOW HITPOINT WARNING * * *
You hit Menkaure.
Menkaure is lightly damaged.
Menkaure hits you.
* * * LOW HITPOINT WARNING * * *
Unknown command.
Your chain mail prevents you from hitting Menkaure.
Menkaure is lightly damaged.
Menkaure hits you!
You die...

...................#
...........#))######
..........<#..#
..........÷#..#
#.........#...
#.#....#####..#
...........##..#
##.....?...##..#
#......@..##..#
#.....M#### #.#.....
≈≈....... ≈≈≈#..#..
≈≈##... # .# .


You could see Menkaure.

Vanquished Creatures
  Duvessa (D:4)
  Dowan (D:4)
  A scorpion (D:4)
  Ijyb (D:3)
  An orc priest (D:4)
  4 orc wizards
  Natasha (D:2)
  2 worker ants (D:4)
  Robin (D:3)
  8 adders
  A shadow imp (D:5)
  2 oozes
  An adder skeleton (D:4)
  3 worms (D:2)
  A giant gecko (D:4)
  12 orcs
  7 bats
  2 giant cockroaches (D:4)
  5 hobgoblins
  A quokka (D:3)
  2 giant newts
  21 goblins
  10 kobolds
  8 rats
97 creatures vanquished.

Vanquished Creatures (others)
  An orc wizard (D:4)
1 creature vanquished.

Grand Total: 98 creatures vanquished

Notes
Turn   | Place    | Note
--------------------------------------------------------------
     0 | D:1      | Peloso the Demigod Fighter began the quest for the Orb.
     0 | D:1      | Reached XP level 1. HP: 18/18 MP: 3/3
   385 | D:1      | Reached XP level 2. HP: 25/25 MP: 4/4
   688 | D:2      | Reached skill level 3 in Armour
  1313 | D:2      | Reached XP level 3. HP: 20/30 MP: 5/5
  1763 | D:2      | Reached skill level 1 in Dodging
  1959 | D:2      | Reached XP level 4. HP: 38/38 MP: 6/6
  2583 | D:3      | Noticed Natasha
  2597 | D:2      | Killed Natasha
  2745 | D:3      | Noticed Robin
  2762 | D:3      | Killed Robin
  3088 | D:3      | Reached XP level 5. HP: 35/45 MP: 7/7
  3325 | D:3      | Noticed Ijyb
  3352 | D:3      | Killed Ijyb
  3498 | D:4      | Found Meir's Weapon Emporium.
  3563 | D:4      | Found a snail-covered altar of Cheibriados.
  3801 | D:4      | Reached XP level 6. HP: 24/51 MP: 8/8
  4489 | D:4      | Reached skill level 4 in Armour
  4974 | D:5      | Entered Level 5 of the Dungeon
  4974 | D:5      | Noticed Duvessa
  4974 | D:5      | Noticed Dowan
  5056 | D:4      | Killed Duvessa
  5063 | D:4      | Killed Dowan
  5072 | D:4      | Reached XP level 7. HP: 10/58 MP: 9/9
  5579 | D:5      | Noticed Menkaure
  5585 | D:5      | Slain by Menkaure

Action                   |  1- 3 |  4- 6 |  7- 9 || total
-------------------------+-------+-------+-------++-------
Melee: Long sword        |   137 |   313 |    29 ||   479
  Use: Potion            |     2 |     1 |     1 ||     4
  Eat: Chunk             |     3 |     8 |     3 ||    14
       Fruit             |       |     2 |       ||     2
